MID
SOUTH BEND CUBS @ GREAT LAKES LOONS
09/06/2048
 
TOP OF THE 1ST
South Bend Cubs batting - Pitching for Great Lakes Loons : RHP Mike Richardson
Pitching: RHP Mike Richardson
Batting: RHB Andy Huntley 0-0: Ball
1-0: Foul Ball, location: 2F
1-1: Ground out 6-3 (Groundball, 6, EV 103.1 MPH)
Batting: RHB Taylor Garofalo 0-0: Ball
1-0: Foul Ball, location: 2F
1-1: Fly out, F9 (Flyball, 9LD, EV 91.2 MPH)
Batting: LHB Kwang-chih Men 0-0: Ball
1-0: Foul Ball, location: 2F
1-1: Ground out 5-3 (Groundball, 6, EV 102.5 MPH)
Top of the 1st over - 0 runs, 0 hits, 0 errors, 0 left on base; South Bend 0 - Great Lakes 0
BOTTOM OF THE 1ST
Great Lakes Loons batting - Pitching for South Bend Cubs : RHP Melvin Orengo
Pitching: RHP Melvin Orengo
Batting: RHB Jason Baldwin 0-0: Called Strike
0-1: Foul Ball, location: 2F
0-2: Strikes out looking
Batting: LHB Tore Bosch 0-0: Ball
1-0: Ball
2-0: Swinging Strike
2-1: Ball
3-1: Base on Balls
Batting: LHB Jesus Ramirez 0-0: Called Strike
0-1: Foul Ball, location: 2F
0-2: Ball
1-2: Foul Ball, location: 2F
1-2: Foul Ball, location: 2F
1-2: Foul Ball, location: 2F
1-2: SINGLE (Flyball, 3D, EV 86.2 MPH)
Tore Bosch to second
Batting: SHB Xavier Alaniz 0-0: Fly out, F9 (Flyball, 89M, EV 88.1 MPH)
Batting: RHB Javier Solis 0-0: Foul Ball, location: 2F
0-1: Foul Ball, location: 2F
0-2: Foul Ball, location: 2F
0-2: Ground out 4-3 (Groundball, 4, EV 82.5 MPH)
Bottom of the 1st over - 0 runs, 1 hit, 0 errors, 2 left on base; South Bend 0 - Great Lakes 0
TOP OF THE 2ND
South Bend Cubs batting - Pitching for Great Lakes Loons : RHP Mike Richardson
Batting: RHB Juan Bonilla 0-0: Called Strike
0-1: Fly out, F4 (Popup, 4MD, EV 58.1 MPH)
Batting: RHB Han-seung Hah 0-0: Ball
1-0: DOUBLE (Line Drive, 78XD, EV 98.8 MPH)
Batting: RHB Denis Rachin 0-0: Ball
1-0: Foul Ball, location: 2F
1-1: Swinging Strike
1-2: Hit by Pitch
Batting: RHB Ryan Bush 0-0: Called Strike
0-1: Grounds into double play, 4-6-3 (Groundball, 4, EV 95.0 MPH)
Top of the 2nd over - 0 runs, 1 hit, 0 errors, 1 left on base; South Bend 0 - Great Lakes 0
BOTTOM OF THE 2ND
Great Lakes Loons batting - Pitching for South Bend Cubs : RHP Melvin Orengo
Batting: LHB Jim Jardine 0-0: Foul Ball, location: 2F
0-1: Ball
1-1: SINGLE (Groundball, 34D, EV 104.4 MPH)
Batting: RHB Steve Clark 0-0: Ball
1-0: Called Strike
1-1: Fielders Choice at 2nd, 5-4 (Groundball, 5S, EV 92.5 MPH)
Batting: RHB Trevor Conklin 0-0: Swinging Strike
Steve Clark is caught stealing 2nd base 2-4
0-1: SOLO HOME RUN (Flyball, 7D, EV 108.1 MPH), Distance : 396 ft
Batting: RHB Ruben Serrata 0-0: Ball
1-0: Ground out U3 (Groundball, 34, EV 81.9 MPH)
Bottom of the 2nd over - 1 run, 2 hits, 0 errors, 0 left on base; South Bend 0 - Great Lakes 1
TOP OF THE 3RD
South Bend Cubs batting - Pitching for Great Lakes Loons : RHP Mike Richardson
Batting: RHB Hugo Torrez 0-0: Called Strike
0-1: Ball
1-1: Fly out, F9 (Flyball, 89M, EV 89.4 MPH)
Batting: LHB Hiroki Yamamoto 0-0: Ball
1-0: Ground out 4-3 (Groundball, 4M, EV 85.0 MPH)
Batting: RHB Andy Huntley 0-0: Swinging Strike
0-1: Called Strike
0-2: Strikes out swinging
Top of the 3rd over - 0 runs, 0 hits, 0 errors, 0 left on base; South Bend 0 - Great Lakes 1
BOTTOM OF THE 3RD
Great Lakes Loons batting - Pitching for South Bend Cubs : RHP Melvin Orengo
Batting: RHB Jason Baldwin 0-0: Swinging Strike
0-1: Swinging Strike
0-2: Strikes out looking
Batting: LHB Tore Bosch 0-0: Ball
1-0: Ball
2-0: Ball
3-0: SINGLE (Groundball, 6D, EV 108.8 MPH)
Batting: LHB Jesus Ramirez 0-0: Fly out, F8 (Flyball, 8LM, EV 91.2 MPH)
Batting: SHB Xavier Alaniz 0-0: Fielders Choice at 2nd, U6 (Groundball, 4M, EV 78.1 MPH)
Bottom of the 3rd over - 0 runs, 1 hit, 0 errors, 1 left on base; South Bend 0 - Great Lakes 1
TOP OF THE 4TH
South Bend Cubs batting - Pitching for Great Lakes Loons : RHP Mike Richardson
Batting: RHB Taylor Garofalo 0-0: Ball
1-0: Ball
2-0: Ball
3-0: SINGLE (Line Drive, 7S, EV 105.6 MPH)
Batting: LHB Kwang-chih Men 0-0: Called Strike
0-1: Ball
1-1: Ball
2-1: Fly out, F5 (Flyball, 56D, EV 86.9 MPH)
Batting: RHB Juan Bonilla 0-0: Called Strike
0-1: Ball
1-1: 2-RUN HOME RUN (Flyball, 78XD, EV 103.1 MPH), Distance : 406 ft
Batting: RHB Han-seung Hah 0-0: Ground out 6-3 (Groundball, 6, EV 87.5 MPH)
Batting: RHB Denis Rachin 0-0: Ball
1-0: Ball
2-0: Foul Ball, location: 2F
2-1: Ground out 5-3 (Groundball, 56, EV 82.5 MPH)
Top of the 4th over - 2 runs, 2 hits, 0 errors, 0 left on base; South Bend 2 - Great Lakes 1
BOTTOM OF THE 4TH
Great Lakes Loons batting - Pitching for South Bend Cubs : RHP Melvin Orengo
Batting: RHB Javier Solis 0-0: Ball
1-0: Swinging Strike
1-1: Ball
2-1: Ball
3-1: Base on Balls
Batting: LHB Jim Jardine 0-0: Fielders Choice at 2nd, 4-6 (Groundball, 34, EV 104.4 MPH)
Batting: RHB Steve Clark 0-0: Fly out, F5 (Popup, 5SF, EV 66.9 MPH)
Batting: RHB Trevor Conklin 0-0: Ground out 4-3 (Groundball, 4MS, EV 81.9 MPH)
Bottom of the 4th over - 0 runs, 0 hits, 0 errors, 1 left on base; South Bend 2 - Great Lakes 1
TOP OF THE 5TH
South Bend Cubs batting - Pitching for Great Lakes Loons : RHP Mike Richardson
Batting: RHB Ryan Bush 0-0: Ball
1-0: Reached on error, E4 (Groundball, 4, EV 84.4 MPH)
Batting: RHB Hugo Torrez 0-0: Called Strike
0-1: Ball
1-1: Foul Ball, location: 2F
1-2: Ball
Wild Pitch!
Ryan Bush to second
2-2: Fly out, F9 (Flyball, 9LS, EV 78.8 MPH)
Batting: LHB Hiroki Yamamoto 0-0: Ball
1-0: Called Strike
1-1: Swinging Strike
1-2: Strikes out looking
Batting: RHB Andy Huntley 0-0: Ground out U3 (Groundball, 34, EV 103.8 MPH)
Top of the 5th over - 0 runs, 0 hits, 1 error, 1 left on base; South Bend 2 - Great Lakes 1
BOTTOM OF THE 5TH
Great Lakes Loons batting - Pitching for South Bend Cubs : RHP Melvin Orengo
Batting: RHB Ruben Serrata 0-0: Ball
1-0: Ball
2-0: Swinging Strike
2-1: Ball
3-1: Ground out 1-3 (Groundball, P, EV 70.6 MPH)
Batting: RHB Jason Baldwin 0-0: Foul Ball, location: 2F
0-1: Ball
1-1: Swinging Strike
1-2: Foul Ball, location: 2F
1-2: Ball
2-2: Ball
3-2: Foul Ball, location: 2F
3-2: Foul Ball, location: 2F
3-2: Base on Balls
Batting: LHB Tore Bosch 0-0: Ball
1-0: Called Strike
Jason Baldwin steals 2nd base
1-1: Ball
2-1: Ground out U3 (Groundball, 34S, EV 83.1 MPH)
Jason Baldwin to third
Batting: LHB Jesus Ramirez 0-0: Called Strike
0-1: Ball
1-1: Hit by Pitch
Batting: SHB Xavier Alaniz 0-0: Called Strike
0-1: Ball
1-1: Ball
2-1: Foul Ball, location: 2F
2-2: DOUBLE (Line Drive, 8RXD, EV 110.0 MPH)
Jason Baldwin scores
Jesus Ramirez to third
Batting: RHB Javier Solis 0-0: Single, Error in OF, E7, batter to second base (Groundball, 56D, EV 106.9 MPH)
Jesus Ramirez scores
Xavier Alaniz scores
Batting: LHB Jim Jardine 0-0: Ball
1-0: Foul Ball, location: 2F
1-1: Ball
2-1: Foul Ball, location: 2F
2-2: Ball
3-2: Base on Balls
Pitching: LHP Tom Mooney
Batting: RHB Steve Clark 0-0: Foul Ball, location: 2F
0-1: Ball
1-1: Foul Ball, location: 2F
1-2: Ball
2-2: Strikes out looking
Bottom of the 5th over - 3 runs, 2 hits, 1 error, 2 left on base; South Bend 2 - Great Lakes 4
TOP OF THE 6TH
South Bend Cubs batting - Pitching for Great Lakes Loons : RHP Mike Richardson
Batting: RHB Taylor Garofalo 0-0: Foul Ball, location: 2F
0-1: Ball
1-1: Foul Ball, location: 2F
1-2: Ball
2-2: Fly out, F9 (Line Drive, 9S, EV 90.6 MPH)
Batting: LHB Kwang-chih Men 0-0: Called Strike
0-1: Called Strike
0-2: Ball
1-2: Ball
2-2: Strikes out swinging
Batting: RHB Juan Bonilla 0-0: Called Strike
0-1: Fly out, F5 (Flyball, 5D, EV 93.1 MPH)
Top of the 6th over - 0 runs, 0 hits, 0 errors, 0 left on base; South Bend 2 - Great Lakes 4
BOTTOM OF THE 6TH
Great Lakes Loons batting - Pitching for South Bend Cubs : LHP Tom Mooney
Batting: RHB Trevor Conklin 0-0: Called Strike
0-1: Ball
1-1: Reached on error, E6 (Groundball, 56, EV 103.8 MPH)
Batting: RHB Ruben Serrata 0-0: Ball
1-0: SINGLE (Line Drive, 8LS, EV 99.4 MPH)
Trevor Conklin to third
Batting: RHB Jason Baldwin 0-0: Ball
Ruben Serrata steals 2nd base
1-0: Called Strike
1-1: SINGLE (Flyball, 4D, EV 93.8 MPH)
Trevor Conklin scores
Ruben Serrata to third
Batting: LHB Tore Bosch 0-0: Called Strike
Jason Baldwin steals 2nd base (no throw)
0-1: Ball
1-1: Ground out 4-3 (Groundball, 4, EV 81.9 MPH)
Batting: LHB Jesus Ramirez 0-0: Called Strike
0-1: Ball
1-1: Swinging Strike
1-2: Strikes out swinging
Batting: SHB Xavier Alaniz 0-0: Ball
1-0: Foul Ball, location: 2F
1-1: Foul Ball, location: 2F
1-2: Ball
Wild Pitch!
Ruben Serrata scores
Jason Baldwin to third
2-2: Fly out, F5 (Line Drive, 56, EV 70.0 MPH)
Bottom of the 6th over - 2 runs, 2 hits, 1 error, 1 left on base; South Bend 2 - Great Lakes 6
TOP OF THE 7TH
South Bend Cubs batting - Pitching for Great Lakes Loons : RHP Mike Richardson
Batting: RHB Han-seung Hah 0-0: Ball
1-0: SOLO HOME RUN (Flyball, 78XD, EV 100.6 MPH), Distance : 409 ft
Batting: RHB Denis Rachin 0-0: Ground out 5-3 (Groundball, 56, EV 103.1 MPH)
Batting: RHB Ryan Bush 0-0: SINGLE (Flyball, 3D, EV 91.9 MPH)
Batting: RHB Hugo Torrez 0-0: Ball
1-0: Swinging Strike
1-1: Foul Ball, location: 2F
1-2: Ball
2-2: Ball
3-2: Strikes out looking
Batting: LHB Hiroki Yamamoto 0-0: Ground out 4-3 (Groundball, 4, EV 88.8 MPH)
Top of the 7th over - 1 run, 2 hits, 0 errors, 1 left on base; South Bend 3 - Great Lakes 6
BOTTOM OF THE 7TH
Great Lakes Loons batting - Pitching for South Bend Cubs : LHP Tom Mooney
Pitching: LHP Eddie Panagos
Batting: RHB Javier Solis 0-0: Ball
1-0: Ball
2-0: Ball
3-0: Called Strike
3-1: Base on Balls
Batting: LHB Jim Jardine 0-0: Ball
1-0: Foul Ball, location: 2F
1-1: Fly out, F8 (Flyball, 8RM, EV 83.1 MPH)
Batting: RHB Steve Clark 0-0: Called Strike
0-1: Ball
1-1: Ball
2-1: Ball
3-1: Base on Balls
Javier Solis to second
Batting: RHB Trevor Conklin 0-0: Called Strike
0-1: Ball
1-1: DOUBLE (Line Drive, 89XD, EV 102.5 MPH)
Javier Solis scores
Steve Clark to third
Batting: RHB Ruben Serrata 0-0: Ball
1-0: Ground out 1-3 (Groundball, P, EV 71.9 MPH)
Batting: RHB Jason Baldwin 0-0: Called Strike
0-1: Called Strike
0-2: Ball
1-2: Strikes out swinging
Bottom of the 7th over - 1 run, 1 hit, 0 errors, 2 left on base; South Bend 3 - Great Lakes 7
TOP OF THE 8TH
South Bend Cubs batting - Pitching for Great Lakes Loons : RHP Mike Richardson
Now in LF: Justin Curran
Batting: RHB Andy Huntley 0-0: Ball
1-0: Ball
2-0: Called Strike
2-1: Swinging Strike
2-2: Ball
3-2: Foul Ball, location: 2F
3-2: Foul Ball, location: 2F
3-2: Strikes out swinging
Batting: RHB Taylor Garofalo 0-0: Called Strike
0-1: Ball
1-1: Foul Ball, location: 2F
1-2: Foul Ball, location: 2F
1-2: Ball
2-2: Strikes out swinging
Batting: LHB Kwang-chih Men 0-0: Ball
1-0: Fly out, F9 (Flyball, 9, EV 93.1 MPH)
Top of the 8th over - 0 runs, 0 hits, 0 errors, 0 left on base; South Bend 3 - Great Lakes 7
BOTTOM OF THE 8TH
Great Lakes Loons batting - Pitching for South Bend Cubs : LHP Eddie Panagos
Pitching: RHP Eric Allen
Batting: LHB Tore Bosch 0-0: DOUBLE (Line Drive, 89XD, EV 103.8 MPH)
Batting: LHB Jesus Ramirez 0-0: Ball
1-0: Ball
2-0: Foul Ball, location: 2F
2-1: Called Strike
2-2: Ball
3-2: Base on Balls
Batting: SHB Xavier Alaniz 0-0: Ball
1-0: Ball
2-0: Foul Ball, location: 2F
2-1: Ball
3-1: Swinging Strike
3-2: Foul Ball, location: 2F
3-2: Strikes out swinging
Batting: RHB Javier Solis 0-0: Ball
1-0: Ball
2-0: Ball
3-0: Called Strike
3-1: Swinging Strike
3-2: Grounds into double play, 6-4-3 (Groundball, 6, EV 82.5 MPH)
Bottom of the 8th over - 0 runs, 1 hit, 0 errors, 1 left on base; South Bend 3 - Great Lakes 7
TOP OF THE 9TH
South Bend Cubs batting - Pitching for Great Lakes Loons : RHP Mike Richardson
Pitching: RHP Adonis Loyd
Batting: RHB Juan Bonilla 0-0: Ball
1-0: Called Strike
1-1: Ball
2-1: Foul Ball, location: 2F
2-2: Strikes out looking
Batting: RHB Han-seung Hah 0-0: Ball
1-0: Called Strike
1-1: Swinging Strike
1-2: Strikes out swinging
Batting: RHB Denis Rachin 0-0: Foul Ball, location: 2F
0-1: Ground out 5-3 (Groundball, 56, EV 90.0 MPH)
Top of the 9th over - 0 runs, 0 hits, 0 errors, 0 left on base; South Bend 3 - Great Lakes 7
Tuesday, March 28th , 2023 - OOTP Baseball 23.10 Build 110